 Dungeon Crawl Stone Soup version 0.21.0-3-g78d12a8bdd (webtiles) character file.

198423 Rrauwl the Wrestler (level 18, -15/172 HPs)
             Began as a Troll Berserker on Jan 12, 2018.
             Was the Champion of Trog.
             Shot with an arrow by a deep elf master archer (34 damage)
             ... on level 3 of the Elven Halls on Jan 13, 2018.
             The game lasted 02:16:59 (30539 turns).

Rrauwl the Wrestler (Troll Berserker)              Turns: 30539, Time: 02:16:59

Health: -15/172    AC: 13    Str: 31    XL:     18   Next: 21%
Magic:  20/20      EV: 18    Int:  4    God:    Trog [******]
Gold:   1314       SH:  0    Dex: 13    Spells: 17/17 levels left

rFire    + . .     SeeInvis +     - Unarmed
rCold    + . .     Gourm    +   (no shield)
rNeg     + + .     Faith    .   Q - +5 robe of Night {Dark MR+ SInv}
rPois    +         Spirit   .   u - +1 hat of Vogi {+Blink +Fly rF+ rN+}
rElec    .         Reflect  .   n - scarf {repulsion}
rCorr    .         Harm     .   (gloves unavailable)
MR       +++++     Clarity  +   (boots unavailable)
Stlth    +.........             D - amulet of the Four Winds {rN+ MR+++ Clar}
HPRegen  0.78/turn              f - ring of poison resistance
MPRegen  0.17/turn              L - ring of protection from cold

@: berserk cooldown, hasted and slowed, repel missiles
A: large, unfitting armour, claws 3, hooves 1, thin metallic scales 1, fast
metabolism 3, gourmand, regeneration 1, shaggy fur 1, tough skin 2
a: Berserk, Trog's Hand, Brothers in Arms, Burn Spellbooks, Renounce Religion,
Evoke Blink, Evoke Flight


You were on level 3 of the Elven Halls.
You worshipped Trog.
Trog was exalted by your worship.
You were very full.

You visited 8 branches of the dungeon, and saw 30 of its levels.
You also visited: Sewer, Ice Cave and Volcano.

You collected 2742 gold pieces.
You spent 1428 gold pieces at shops.

Inventory:

Hand Weapons
 a - the +8 dire flail "Kauj" {freeze, rC+ Str+4 Int+4}
   (Trog gifted it to you on level 8 of the Dungeon)

   It has been specially enchanted to freeze those struck by it, causing extra
   injury to most foes and up to half again as much damage against particularly
   susceptible opponents.
   It can also slow down cold-blooded creatures.
   It affects your strength (+4).
   It affects your intelligence (+4).
   It protects you from cold.
 c - a +7 giant spiked club of crushing
Missiles
 b - 26 large rocks (quivered)
Armour
 n - a scarf of repulsion (worn)
 u - the +1 hat of Vogi (worn) {+Blink +Fly rF+ rN+}
   (You found it on level 5 of the Dungeon)

   It protects you from fire.
   It protects you from negative energy.
   It lets you fly.
   It lets you blink.
 Q - the +5 robe of Night (worn) {Dark MR+ SInv}
   (You found it on level 6 of the Lair of Beasts)

   It affects your resistance to hostile enchantments.
   It lets you see invisible.
Jewellery
 f - a ring of poison resistance (left claw)
 j - a +4 amulet of reflection
 k - an uncursed ring of protection from fire
 D - the amulet of the Four Winds (around neck) {rN+ MR+++ Clar}
   (You bought it in a shop on level 2 of the Orcish Mines)

   [amulet of nothing]

   It protects you from negative energy.
   It affects your resistance to hostile enchantments.
   It protects you against confusion.
 I - an uncursed ring of see invisible
 L - a ring of protection from cold (right claw)
Wands
 h - a wand of paralysis (16)
 o - a wand of polymorph (32)
 p - a wand of disintegration (23)
 v - a wand of flame (142)
 y - a wand of digging (17)
 B - a wand of acid (44)
 F - a wand of iceblast (3)
 P - a wand of enslavement (13)
Scrolls
 g - 12 scrolls of teleportation
 i - 5 scrolls of identify
 l - 9 scrolls of remove curse
 t - a scroll of fog
 H - a scroll of holy word
 N - a scroll of magic mapping
Potions
 m - a potion of invisibility
 q - 15 potions of curing
 s - a potion of mutation
 E - a potion of resistance
 G - 2 potions of haste
 J - a potion of might
 O - a potion of flight
Miscellaneous
 z - 3 phantom mirrors
 K - a phial of floods
Comestibles
 d - a chunk of flesh
 e - 42 rations


   Skills:
 + Level 9.6 Fighting
 - Level 6.0 Maces & Flails
 - Level 2.0 Throwing
 - Level 5.0 Armour
 - Level 14.0 Dodging
 - Level 23.0 Unarmed Combat
 - Level 4.0 Evocations


You had 17 spell levels left.
You didn't know any spells.

Dungeon Overview and Level Annotations

Branches:
Dungeon (15/15)            Temple (1/1) D:6            Lair (6/6) D:9
 Shoals (1/4) Lair:3       Spider (1/4) Lair:3        Slime (0/5) Lair:5
    Orc (2/2) D:9             Elf (3/3) Orc:2        Vaults (0/5) D:14
 Depths (1/5) D:15

Altars:
Ashenzari
Cheibriados
Dithmenos
Elyvilon
Fedhas
Gozag
Hepliaklqana
Kikubaaqudgha
Makhleb
Nemelex Xobeh
Okawaru
Qazlal
Ru
Sif Muna
Trog
Uskayaw
Vehumet
Wu Jian
Xom
Yredelemnul
Zin
The Shining One

Shops:
D:8 *   D:9 :   Orc:2 ?*=(   Shoals:1 (*?


Innate Abilities, Weirdness & Mutations

You are too large for most types of armour.
You have claws for hands.
Your metabolism is lightning-fast.
You like to eat raw meat.
Your natural rate of healing is unusually fast.
You are covered in fur. (AC +1)
You have very tough skin. (AC +2)
You have large cloven feet.
You are partially covered in thin metallic scales. (AC +2)


Message History

Unknown command.
You miss the deep elf master archer. You kick the deep elf master archer.
The deep elf master archer is heavily wounded.
The deep elf master archer shoots an arrow.
The arrow is repelled.
You scratch the deep elf master archer.
Your kick misses the deep elf master archer.
The deep elf master archer is heavily wounded.
The deep elf master archer shoots an arrow.
The arrow misses you.
Unknown command.
You scratch the deep elf master archer.
Your kick misses the deep elf master archer.
The deep elf master archer is heavily wounded.
You feel better.
The deep elf master archer shoots an arrow.
The arrow misses you.
The deep elf master archer shoots an arrow.
The arrow hits you!!
You die...

##....#....##...### ###...#....
#....##...##...## ##..##...
#..|.#...##....# #...#...
#...##........## }:$ ##..##..
#...#.....##..# )|⌠ #...#.8
#.#.#....##...##.|}) ##.8.#(.
#...#...##....##}})= #....#.(
#.#))..##....##e.}:? ##....).8
#...#......###@8.## ###.....#).
#.#.#.....##)...#####.....8.#.)
#...#....##))..##......)#...#.8
######...'((⌠..#........#..##..
##8########...##...#..#....#...
############.##...##.##...##...
##8#### #+#...##.......#....
#####8###....#........##....
##### #............##..#..


You could see a deep elf master archer.

Vanquished Creatures
  3 deep elf blademasters (Elf:3)
  Frances (Shoals:1)
  Agnes (D:14)
  A tengu reaver (D:14)
  7 deep elf sorcerers
  2 emperor scorpions (Spider:1)
  The ghost of BrokenGlass the Martial Artist, a journeyman OpFi of Ashenzari (Shoals:1)
  3 deep elf elementalists (Elf:3)
  3 very ugly things
  4 deep elf annihilators (Elf:3)
  2 deep elf demonologists (Elf:3)
  Azrael (D:14)
  2 deep elf death magi (Elf:3)
  A merfolk impaler (Shoals:1)
  A merfolk javelineer (Shoals:1)
  Snorg (Lair:3)
  4 ogre magi
  4 deep elf high priests
  3 catoblepae (Lair:6)
  A yaktaur captain (D:14)
  A rakshasa (D:14)
  Harold (Lair:3)
  7 hydras
  16 two-headed ogres
  A death knight (D:15)
  5 centaur warriors
  12 death yaks
  A merfolk avatar (Shoals:1)
  24 dancing weapons
  3 orc high priests
  Sonja (D:14)
  16 deep elf knights
  2 sea snakes (Shoals:1)
  4 unseen horrors
  A deep troll (shapeshifter) (D:14)
  5 deep trolls
  A flayed ghost (D:14)
  10 deep elf archers
  A phantasmal warrior (D:15)
  2 lindwurms (Volcano)
  3 orc knights
  The ghost of G3Kappa the Covered, a novice MiFi (D:6)
  2 orb spiders
  An orc sorcerer (Orc:2)
  52 deep elf magi
  3 wolf spiders
  A slime creature (D:15)
  3 cyclopes
  The ghost of BreadTh the Thaumaturge, a novice SpWz of Gozag (D:7)
  An ugly thing (D:12)
  7 manticores
  A toenail golem (Volcano)
  7 black mambas
  2 merfolk sirens (Shoals:1)
  3 molten gargoyles (Volcano)
  Psyche (D:8)
  7 elephants
  5 torpor snails (Lair:6)
  2 gargoyles
  2 ice statues (IceCv)
  3 spiny frogs
  6 rime drakes
  2 yaktaurs
  9 komodo dragons
  3 efreet (Volcano)
  10 ice devils
  The ghost of dengdeng the Slasher, an amateur HOBe of Trog (D:4)
  4 merfolk (Shoals:1)
  A queen bee (shapeshifter) (D:14)
  14 trolls
  A wind drake (Shoals:1)
  3 meliai (D:14)
  A troll (shapeshifter) (D:15)
  7 polar bears
  A harpy skeleton (D:15)
  8 blink frogs (Lair:3)
  7 dream sheep (Lair:6)
  2 jumping spiders
  15 hippogriffs
  A snapping turtle (Shoals:1)
  A meliai zombie (D:12)
  4 redbacks
  3 air elementals
  8 water elementals
  A shadow (D:11)
  A vampire (D:10)
  5 tarantellas
  Sigmund (D:3)
  A hog (shapeshifter) (Elf:3)
  40 yaks
  4 wraiths
  8 fire elementals
  3 wyverns
  A basilisk (Lair:4)
  4 vampire mosquitoes
  2 wargs (Orc:1)
  14 water moccasins
  A soldier ant (D:11)
  4 hell hounds (D:14)
  13 porcupines
  3 ice beasts
  29 orc warriors
  2 phantoms
  A swamp drake (Orc:1)
  4 black bears
  4 eyes of draining
  6 sky beasts
  2 necrophages
  35 ogres
  An eye of draining (shapeshifter) (D:15)
  13 centaurs
  13 crocodiles
  2 big kobolds
  17 bullfrogs
  3 earth elementals
  3 wyvern zombies
  5 scorpions
  7 killer bees
  25 wights
  6 electric eels
  9 howler monkeys
  17 crimson imps
  4 centaur zombies
  A quasit (D:5)
  A bullfrog zombie (D:6)
  10 jellies
  13 orc priests
  6 hounds
  26 orc wizards
  4 bullfrog skeletons
  7 centaur skeletons
  6 iguanas
  An iron imp (Orc:1)
  Terence (D:3)
  Natasha (thrice) (D:2)
  19 worker ants
  2 hound skeletons (D:7)
  2 howler monkey zombies
  Robin (D:3)
  13 adders
  A howler monkey skeleton (D:4)
  3 shadow imps
  7 white imps
  8 ufetubi (IceCv)
  3 oozes (Lair:5)
  3 adder skeletons
  A worm (D:3)
  4 dart slugs
  9 leopard geckos
  97 orcs
  23 giant cockroaches
  16 goblins
  14 hobgoblins
  5 jackals
  2 quokkas
  9 bats
  9 frilled lizards
  A jackal zombie (D:8)
  24 kobolds
  A leopard gecko skeleton (D:6)
  A leopard gecko zombie (D:7)
  15 rats
  A fungus (Lair:5)
1067 creatures vanquished.

Vanquished Creatures (collateral kills)
  A frost giant (D:14)
  2 very ugly things (Depths:1)
  A reaper (IceCv)
  3 deep elf annihilators
  A deep elf death mage (Elf:3)
  A merfolk avatar (Shoals:1)
  4 dancing weapons
  A deep troll shaman (Depths:1)
  A death yak (Lair:5)
  A sea snake (Shoals:1)
  2 deep elf archers
  An ugly thing (Depths:1)
  An oklob plant (Lair:2)
  An ice devil (IceCv)
  2 yaks (Lair:6)
  An orc warrior (D:14)
  An electric eel (D:14)
  2 orc priests (D:14)
  2 orc wizards
  2 orcs (Orc:1)
31 creatures vanquished.

Vanquished Creatures (others)
  A deep elf mage (Elf:2)
  A centaur skeleton (D:14)
  2 white imps (IceCv)
  5 ufetubi (IceCv)
  6 fungi
  5 plants
20 creatures vanquished.

Grand Total: 1118 creatures vanquished

Notes
Turn   | Place    | Note
-------+----------+-------------------------------------------
     0 | D:1      | Rrauwl the Troll Berserker began the quest for the Orb.
     0 | D:1      | Reached XP level 1. HP: 22/22 MP: 0/0
   107 | D:1      | Reached XP level 2. HP: 29/29 MP: 1/1
   581 | D:1      | Reached ** piety under Trog
   680 | D:1      | Reached XP level 3. HP: 36/36 MP: 2/2
   925 | D:2      | Found a hazy altar of Hepliaklqana.
   948 | D:2      | Found a hide-covered altar of Uskayaw.
  1045 | D:2      | Noticed Natasha
  1049 | D:2      | Killed Natasha
  1077 | D:2      | Reached XP level 4. HP: 45/45 MP: 3/3
  1163 | D:2      | Reached skill level 4 in Unarmed Combat
  1170 | D:2      | Noticed Natasha
  1175 | D:2      | Killed Natasha
  1240 | D:2      | Found an ornate altar of the Wu Jian Council.
  1483 | D:2      | Reached XP level 5. HP: 53/53 MP: 4/4
  1664 | D:2      | Noticed Natasha
  1673 | D:2      | Killed Natasha
  1673 | D:2      | Reached skill level 5 in Unarmed Combat
  1815 | D:3      | Noticed Robin
  1815 | D:3      | Noticed Sigmund
  1836 | D:3      | Reached *** piety under Trog
  1846 | D:3      | Killed Robin
  1886 | D:3      | Killed Sigmund
  1886 | D:3      | Reached skill level 6 in Unarmed Combat
  1886 | D:3      | Reached XP level 6. HP: 12/61 MP: 5/5
  2164 | D:3      | Found a glowing drain.
  2175 | D:3      | Noticed Terence
  2181 | Sewer    | Entered a sewer
  2207 | Sewer    | Reached skill level 7 in Unarmed Combat
  2268 | Sewer    | Reached XP level 7. HP: 66/67 MP: 6/6
  2370 | Sewer    | Reached **** piety under Trog
  2475 | D:3      | Killed Terence
  2636 | D:3      | Found a deep blue altar of Sif Muna.
  3167 | D:4      | Reached skill level 8 in Unarmed Combat
  3259 | D:4      | Found a shadowy altar of Dithmenos.
  3260 | D:4      | Noticed dengdeng's ghost (amateur HOBe)
  3275 | D:4      | Killed dengdeng's ghost
  3275 | D:4      | Reached skill level 9 in Unarmed Combat
  3275 | D:4      | Reached XP level 8. HP: 75/75 MP: 7/7
  3413 | D:4      | Found a burning altar of Makhleb.
  3413 | D:4      | Found a radiant altar of Vehumet.
  3518 | D:4      | Reached skill level 10 in Unarmed Combat
  3591 | D:4      | Found a blossoming altar of Fedhas.
  3643 | D:5      | Entered Level 5 of the Dungeon
  3683 | D:5      | Got a bloodstained hat
  3689 | D:5      | Identified the +1 hat of Vogi {+Blink +Fly rF+ rN+} (You found it on level 5 of the Dungeon)
  3771 | D:5      | Received a gift from Trog
  3848 | D:5      | Reached skill level 1 in Maces & Flails
  4218 | D:6      | Noticed G3Kappa's ghost (novice MiFi)
  4224 | D:6      | Killed G3Kappa's ghost
  4224 | D:6      | Reached skill level 11 in Unarmed Combat
  4224 | D:6      | Reached XP level 9. HP: 81/81 MP: 8/8
  4535 | D:6      | Found a basalt altar of Yredelemnul.
  4615 | D:6      | Reached ***** piety under Trog
  4615 | D:6      | Reached skill level 1 in Throwing
  4697 | D:6      | Found a snail-covered altar of Cheibriados.
  4800 | D:6      | Found a staircase to the Ecumenical Temple.
  4816 | Temple   | Entered the Ecumenical Temple
  5271 | D:7      | Noticed a gargoyle
  5277 | D:7      | Killed a gargoyle
  5277 | D:7      | Reached skill level 5 in Maces & Flails
  5324 | D:7      | Reached skill level 12 in Unarmed Combat
  5506 | D:7      | Noticed BreadTh's ghost (novice SpWz)
  5509 | D:7      | Reached XP level 10. HP: 83/91 MP: 9/9
  5524 | D:7      | Killed BreadTh's ghost
  5619 | D:7      | Received a gift from Trog
  6239 | D:8      | Received a gift from Trog
  6240 | D:8      | Got a fine dire flail {god gift}
  6241 | D:8      | Identified the +8 dire flail "Kauj" {freeze, rC+ Str+4 Int+4} (Trog gifted it to you on level 8 of the Dungeon)
  6306 | D:8      | Found an opulent altar of Gozag.
  6340 | D:8      | Reached skill level 1 in Evocations
  6496 | D:8      | Noticed Psyche
  6509 | D:8      | Killed Psyche
  6657 | D:8      | Found an iron altar of Okawaru.
  6803 | D:8      | Found Yconigeo's General Store.
  6806 | D:8      | Bought a scroll of remove curse for 30 gold pieces
  7001 | D:8      | Noticed a two-headed ogre
  7009 | D:8      | Killed a two-headed ogre
  7009 | D:8      | Reached skill level 13 in Unarmed Combat
  7359 | D:9      | Found a staircase to the Orcish Mines.
  7454 | D:9      | Reached XP level 11. HP: 97/100 MP: 12/12
  7515 | D:9      | Gained mutation: You are partially covered in thin metallic scales. (AC +2) [potion of mutation]
  7515 | D:9      | Gained mutation: You have large cloven feet. [potion of mutation]
  7527 | D:9      | Found a sacrificial altar of Ru.
  7537 | D:9      | Found a staircase to the Lair.
  7760 | D:9      | Found Hebbucon's Book Boutique.
  7968 | Lair:1   | Entered Level 1 of the Lair of Beasts
  8061 | Lair:1   | Received a gift from Trog
  8128 | Lair:1   | Found a frozen archway.
  8171 | IceCv    | Entered an ice cave
  8322 | IceCv    | Reached skill level 14 in Unarmed Combat
  8628 | IceCv    | Noticed a reaper
  8631 | IceCv    | Killed a reaper
  8783 | IceCv    | Got a jewelled long sword
  8784 | IceCv    | Identified the +12 long sword of Impermanence {slice, +Blink MR++ Int+2 Dex-3} (You found it in an ice cave)
  9008 | Lair:1   | Reached skill level 15 in Unarmed Combat
  9599 | Lair:1   | Reached skill level 5 in Fighting
 10040 | Lair:2   | Reached XP level 12. HP: 79/111 MP: 14/14
 10392 | Lair:2   | Reached skill level 5 in Dodging
 10771 | Lair:2   | Noticed a five-headed hydra
 10777 | Lair:2   | Killed a five-headed hydra
 11456 | D:10     | Entered Level 10 of the Dungeon
 11501 | D:10     | Identified a scroll of acquirement
 11515 | D:10     | Noticed a two-headed ogre
 11531 | D:10     | Killed a two-headed ogre
 11531 | D:10     | Reached skill level 16 in Unarmed Combat
 12073 | D:10     | Received a gift from Trog
 12234 | D:10     | Found a sparkling altar of Nemelex Xobeh.
 12850 | D:11     | Noticed a centaur warrior
 12858 | D:11     | Killed a centaur warrior
 13443 | D:12     | Noticed a two-headed ogre
 13448 | D:12     | Killed a two-headed ogre
 13714 | D:12     | Reached XP level 13. HP: 118/118 MP: 15/15
 14000 | D:13     | Received a gift from Trog
 14167 | D:13     | Reached skill level 17 in Unarmed Combat
 14310 | D:13     | Reached skill level 1 in Armour
 14506 | D:13     | Got a thick robe
 14517 | D:13     | Identified the +1 robe "Ajem" {+Fly rN+ Int+4} (You found it on level 13 of the Dungeon)
 14690 | D:14     | Noticed Sonja
 14709 | D:14     | Killed Sonja
 14886 | D:14     | Noticed Agnes
 14903 | D:14     | Killed Agnes
 14974 | D:14     | Noticed Azrael
 14989 | D:14     | Killed Azrael
 15189 | D:14     | Noticed a tengu reaver
 15201 | D:14     | Killed a tengu reaver
 15279 | D:14     | Found a gate to the Vaults.
 15334 | D:14     | Reached skill level 5 in Armour
 15342 | D:14     | Reached skill level 18 in Unarmed Combat
 15517 | D:14     | Reached XP level 14. HP: 130/130 MP: 16/16
 15534 | D:14     | Noticed a frost giant
 15539 | D:14     | Killed a frost giant
 15551 | D:14     | Received a gift from Trog
 15980 | D:15     | Entered Level 15 of the Dungeon
 16600 | D:15     | Reached skill level 19 in Unarmed Combat
 16646 | D:15     | Found a staircase to the Depths.
 16701 | D:15     | Found a sparkling altar of Nemelex Xobeh.
 17218 | Lair:3   | Found a staircase to the Shoals.
 17429 | Lair:3   | Noticed Harold
 17442 | Lair:3   | Killed Harold
 17539 | Lair:3   | Noticed Snorg
 17546 | Lair:3   | Killed Snorg
 17867 | Lair:3   | Found a hole to the Spider Nest.
 18498 | Lair:4   | Received a gift from Trog
 18952 | Lair:5   | Reached skill level 20 in Unarmed Combat
 18984 | Lair:5   | Found a staircase to the Slime Pits.
 19028 | Lair:5   | Found a dark tunnel.
 19040 | Volcano  | Entered a volcano
 19249 | Volcano  | Reached XP level 15. HP: 112/136 MP: 17/17
 19462 | Lair:5   | Received a gift from Trog
 19465 | Lair:5   | Got an ivory triple sword {god gift}
 19466 | Lair:5   | Identified the +11 triple sword "Bezuukka" {slice, rElec Dex+7} (Trog gifted it to you on level 5 of the Lair of Beasts)
 20192 | Lair:6   | Entered Level 6 of the Lair of Beasts
 20543 | Lair:6   | Reached skill level 21 in Unarmed Combat
 20678 | Lair:6   | Received a gift from Trog
 20988 | Lair:6   | Found a snail-covered altar of Cheibriados.
 21532 | Lair:6   | Found the +5 robe of Night {Dark MR+ SInv}
 21919 | Orc:1    | Entered Level 1 of the Orcish Mines
 22228 | Orc:1    | Received a gift from Trog
 22600 | Orc:1    | Got a brightly glowing hat
 22602 | Orc:1    | Got a faintly humming hat
 22604 | Orc:1    | Identified the cursed +0 hat "Zagyt" {Dex+7} (You found it on level 1 of the Orcish Mines)
 22606 | Orc:1    | Identified the +2 hat "Felecs" {rF+ Regen+} (You found it on level 1 of the Orcish Mines)
 22719 | Orc:1    | Received a gift from Trog
 22785 | Orc:2    | Entered Level 2 of the Orcish Mines
 22785 | Orc:2    | Found Yrioqeyxt's General Store.
 22935 | Orc:1    | Reached ****** piety under Trog
 23083 | Orc:2    | Reached XP level 16. HP: 118/153 MP: 18/18
 23336 | Orc:2    | Found Vemavuneick's Magic Scroll Emporium.
 23583 | Orc:2    | Bought a scroll of immolation for 45 gold pieces
 23583 | Orc:2    | Bought a scroll of enchant armour for 97 gold pieces
 23583 | Orc:2    | Bought a scroll of random uselessness for 13 gold pieces
 23715 | Orc:2    | Found Inoskin's Weapon Shoppe.
 23719 | Orc:2    | Found Giquteif's Jewellery Shoppe.
 23726 | Orc:2    | Bought the amulet of the Four Winds {rN+ MR+++ Clar} for 614 gold pieces
 23726 | Orc:2    | Found the amulet of the Four Winds {rN+ MR+++ Clar}
 23880 | Orc:2    | Found a staircase to the Elven Halls.
 24010 | Elf:1    | Entered Level 1 of the Elven Halls
 24258 | Elf:1    | Received a gift from Trog
 24258 | Elf:1    | Reached skill level 22 in Unarmed Combat
 25416 | Elf:1    | Received a gift from Trog
 25639 | Spider:1 | Entered Level 1 of the Spider Nest
 26135 | Depths:1 | Entered Level 1 of the Depths
 26466 | Shoals:1 | Entered Level 1 of the Shoals
 26468 | Shoals:1 | Found Siefeucu's Magic Scroll Shop.
 26485 | Shoals:1 | Bought a scroll of brand weapon for 300 gold pieces
 26491 | Shoals:1 | Noticed BrokenGlass's ghost (journeyman OpFi)
 26508 | Shoals:1 | Killed BrokenGlass's ghost
 26686 | Shoals:1 | Reached skill level 10 in Dodging
 26727 | Shoals:1 | Noticed Frances
 26739 | Shoals:1 | Killed Frances
 27097 | Shoals:1 | Found Ruekut's Weapon Emporium.
 27168 | Shoals:1 | Found Komm's General Store.
 27188 | Shoals:1 | Bought a scroll of brand weapon for 280 gold pieces
 27188 | Shoals:1 | Bought a scroll of magic mapping for 49 gold pieces
 27760 | Elf:2    | Reached XP level 17. HP: 108/162 MP: 19/19
 28131 | Elf:2    | Received a gift from Trog
 28247 | Elf:2    | Found a huge runed gate.
 28247 | Elf:2    | Found a huge runed gate.
 28248 | Elf:2    | Found a huge runed gate.
 28493 | Elf:2    | Reached skill level 23 in Unarmed Combat
 29372 | Elf:3    | Entered Level 3 of the Elven Halls
 29898 | Elf:3    | Received a gift from Trog
 30160 | Elf:3    | Reached XP level 18. HP: 50/171 MP: 18/20
 30539 | Elf:3    | Shot with an arrow by a deep elf master archer

Skill      XL: |  1  2  3  4  5  6  7  8  9 10 11 12 13 14 15 16 17 18 |
---------------+-------------------------------------------------------+-----
Fighting       | 3 4 5 6 8 9 |  9.6
Dodging        | 3 4 7 8 10 13 14 | 14.0
Unarmed Combat | 4 6 7 9 11 12 13 15 16 18 20 21 22 23 | 23.0
Maces & Flails | 3 6 |  6.0
Throwing       | 2 |  2.0
Evocations     | 3 4 |  4.0
Armour         | 5 |  5.0

Action                   |  1- 3 |  4- 6 |  7- 9 | 10-12 | 13-15 | 16-18 || total
-------------------------+-------+-------+-------+-------+-------+-------++-------
Melee: Unarmed           |    89 |   195 |   314 |   678 |   926 |   727 ||  2929
       Punch             |       |     2 |    12 |    47 |    97 |    66 ||   224
       Dire flail        |       |       |       |     5 |    32 |       ||    37
       Kick              |       |       |       |   136 |   352 |   201 ||   689
Throw: Large rock        |       |       |       |       |     3 |       ||     3
Invok: Trog's Hand       |       |     1 |       |     3 |     3 |     2 ||     9
       Berserk           |       |       |     6 |    24 |    25 |    15 ||    70
       Burn Spellbooks   |       |       |       |     3 |     6 |     1 ||    10
       Brothers in Arms  |       |       |       |     3 |     5 |     9 ||    17
 Abil: Evoke Blink       |       |       |       |       |       |     1 ||     1
Evoke: Wand              |       |       |       |       |     1 |       ||     1
  Use: Potion            |       |     7 |       |     5 |     5 |     7 ||    24
       Scroll            |       |     6 |       |    14 |    13 |    12 ||    45
 Stab: Sleeping          |     1 |       |     1 |       |       |       ||     2
       Distracted        |       |       |       |       |     1 |       ||     1
  Eat: Chunk             |    15 |    12 |    35 |    83 |   113 |    78 ||   336
       Ration            |       |       |       |     5 |       |     2 ||     7
Armor: Animal skin       |    32 |    38 |    82 |   112 |       |       ||   264
       Troll leather arm |       |       |       |    25 |   137 |       ||   162
       Robe              |       |       |       |       |    40 |   126 ||   166
Dodge: Dodged            |    49 |    90 |   111 |   287 |   362 |   290 ||  1189
       Deflected         |       |       |       |     6 |    11 |    28 ||    45
